 Adventure DCSS version bcrawl-1.19-7-g22fd707d3b (webtiles) character file.

Game seed: 8323506779253091732

209 Leeroy the Carver (level 5, 32/32 HPs)
             Began as a Skeleton Reaver on Nov 17, 2019.
             Was a Believer of Vehumet.
             Quit the game on level 4 of the Dungeon.
             The game lasted 00:11:22 (4388 turns).

Leeroy the Carver (Skeleton Reaver)                 Turns: 4388, Time: 00:11:23

Health: 32/32      AC:  6    Str: 18    XL:     5   Next: 55%
Magic:  9/9        EV: 12    Int: 12    God:    Vehumet [**....]
Gold:   106        SH:  1    Dex:  8    Spells: 8/10 levels left
                                        Lives:  0   Deaths: 2

rFire    . . .     SeeInvis .   a - +0 long sword
rCold    + . .     Gourm    .   (no shield)
rNeg     + + +     Faith    .   b - +0 steam dragon scales
rPois    ∞         Spirit   +   (no helmet)
rElec    .         Reflect  .   (no cloak)
rCorr    .         Harm     .   (no gloves)
MR       .....                  h - +0 pair of boots
Stlth    +.........             (no amulet)
HPRegen  0.10/turn              (no ring)
MPRegen  0.11/turn              (no ring)

@: no status effects
A: no food or potions, cold resistance 1, deterioration 1, negative energy
resistance 3, torment resistance, unbreathing, magic shield, sturdy frame 1,
spell healing
a: Renounce Religion


You were on level 4 of the Dungeon.
You worshipped Vehumet.
Vehumet was pleased with you.
You were not hungry.

You visited 1 branch of the dungeon, and saw 4 of its levels.

You collected 106 gold pieces.

Inventory:

Hand Weapons
 a - a +0 long sword (weapon)
 g - a +0 short sword
 k - a +0 dagger
Missiles
 i - a throwing net (quivered) {!f}
 m - 66 stones
Armour
 b - +0 steam dragon scales (worn)
 h - a +0 pair of boots (worn)
 l - a +0 pair of boots
Scrolls
 c - a scroll of immolation
 d - a scroll of enchant weapon
 e - a scroll of remove curse
 f - 4 scrolls of identify
 j - a scroll of amnesia


   Skills:
 - Level 3.0 Fighting
 + Level 8.9 Long Blades
 - Level 3.0 Dodging
 - Level 3.0 Spellcasting
 - Level 0.5 Ice Magic


You had 8 spell levels left.
You knew the following spells:

 Your Spells              Type           Power        Failure   Level  Hunger
a - Sandblast             Erth           #.....       7%          1    N/A
b - Freeze                Ice            #.....       5%          1    N/A

Your spell library contained the following spells:

 Spells                   Type           Power        Failure   Level  Hunger
 Iskenderun's Battlesphe  Conj/Chrm      #.......     83%         5    N/A

Dungeon Overview and Level Annotations

Branches:
Dungeon (4/12)             Temple (0/1) D:4

Altars:
Fedhas
Qazlal

Shops:
D:4 }


Innate Abilities, Weirdness & Mutations

You do not eat or drink.
You are immune to poison.
Your flesh is cold resistant. (rC+)
Your body sometimes deteriorates upon taking damage.
You are immune to negative energy. (rN+++)
You are immune to unholy pain and torment.
You can survive without breathing.
When hurt, damage is shared between your health and your magic reserves.
Your movements are slightly less encumbered by armour. (ER -2)
Casting spells heals you.


Message History

You slash the centaur skeleton!
You destroy the centaur skeleton!
Vehumet accepts your kill.
You feel your power returning.
Magic restored.
HP restored.
You see here a robe.
Items here: $ ))) ? [[ ÷ Done exploring.
Done exploring.
Done exploring.
Done exploring.
Done exploring.
Done exploring.
Done exploring.
Done exploring.
Done exploring.
Things that are here:
a cursed -3 dagger; a +0 leather armour; a scroll labeled CIPTAG FALUO Are you sure you want to abandon this character and quit the game? (Confirm with "yes".)

#)##.#####
#.#...###
#.#.....#
#.#...#.#
#.#..##.#
#######.#....)#
#.........#####
#.#####..<...#
#.#......@##.#
#....####.##.#
###### #.##.#
#....# ######


There were no monsters in sight!

Vanquished Creatures
  A sky beast (D:2)
  An iguana (D:3)
  3 orc wizards (D:4)
  A centaur skeleton (D:4)
  2 worker ants (D:4)
  Robin (D:4)
  2 gnolls (D:4)
  An adder (D:4)
  A worm (D:2)
  A dart slug (D:2)
  2 leopard geckos
  4 orcs (D:4)
  5 bats
  4 giant cockroaches
  6 goblins
  12 hobgoblins
  5 jackals (D:2)
  2 quokkas (D:2)
  A ball python (D:1)
  2 frilled lizards (D:2)
  A jackal zombie (D:4)
  7 kobolds
  3 rats
68 creatures vanquished.

Notes
Turn   | Place    | Note
-------+----------+-------------------------------------------
     0 | D:1      | Leeroy the Skeleton Reaver began the quest for the Orb.
     0 | D:1      | Reached XP level 1. HP: 14/14 MP: 4/4
    76 | D:1      | Reached skill level 4 in Long Blades
   125 | D:1      | Reached XP level 2. HP: 2/19 MP: 4/6
   869 | D:1      | Reached * piety under Vehumet
   869 | D:1      | Offered knowledge of Sandblast by Vehumet.
   872 | D:1      | Learned a level 1 spell: Sandblast
  1112 | D:2      | Reached skill level 5 in Long Blades
  1142 | D:2      | Reached XP level 3. HP: 23/23 MP: 7/7
  1313 | D:2      | Found a blossoming altar of Fedhas.
  1602 | D:2      | Offered knowledge of Freeze by Vehumet.
  1605 | D:2      | Learned a level 1 spell: Freeze
  1799 | D:3      | Noticed a sky beast
  1902 | D:2      | Killed a sky beast
  1902 | D:2      | Reached skill level 7 in Long Blades
  1902 | D:2      | Reached XP level 4. HP: 6/28 MP: 4/8
  1902 | D:2      | Reached XP level 5. HP: 7/32 MP: 4/9
  2452 | D:3      | Killed from afar by an orc priest
  2453 | D:3      | Reached XP level 4. HP: -10/28 MP: 0/8
  2725 | D:4      | Reached ** piety under Vehumet
  3217 | D:4      | Noticed an ogre
  3656 | D:4      | Reached XP level 5. HP: 26/32 MP: 6/9
  3768 | D:4      | Reached skill level 8 in Long Blades
  3871 | D:4      | Killed from afar by an orc wizard
  3872 | D:4      | Found a staircase to the Ecumenical Temple.
  3872 | D:4      | Reached XP level 4. HP: -3/28 MP: 0/8
  3884 | D:4      | Found Wolicurch's Gadget Emporium.
  3909 | D:4      | Noticed Robin
  3927 | D:4      | Killed Robin
  4045 | D:4      | Found a stormy altar of Qazlal.
  4047 | D:4      | Noticed a water elemental
  4047 | D:4      | Noticed an air elemental
  4048 | D:4      | Noticed a fire elemental
  4048 | D:4      | Noticed an earth elemental
  4097 | D:4      | Reached XP level 5. HP: 32/32 MP: 9/9
  4388 | D:4      | Quit the game

Skill      XL: |  1  2  3  4  5 |
---------------+----------------+-----
Long Blades    | 4 5 7 8 |  8.9
Fighting       | |  3.0
Dodging        | |  3.0
Spellcasting   | |  3.0
Ice Magic      | |  0.5

Action                   |  1- 3 |  4- 6 || total
-------------------------+-------+-------++-------
Melee: Long sword        |   169 |   137 ||   306
 Cast: Freeze            |     2 |     7 ||     9
       Sandblast         |       |    14 ||    14
  Use: Scroll            |       |     3 ||     3
Armor: Steam dragon scal |    65 |    36 ||   101
Dodge: Dodged            |   118 |    49 ||   167
Block: Other             |     1 |     2 ||     3
